 Dungeon Crawl Stone Soup version 0.32-a0-886-g41c5271027 (webtiles) character file.

Game seed: 17385509528569305471

359 Dirtsage the Slasher (level 6, -2/47 HPs)
             Began as a Demonspawn Monk on Apr 2, 2024.
             Was a Believer of Wu Jian.
             Slain by a sleepcap (17 damage)
             ... on level 4 of the Dungeon.
             The game lasted 00:03:51 (2841 turns).

Dirtsage the Slasher (Demonspawn Monk)              Turns: 2841, Time: 00:03:52

Health: -2/47      AC: 13    Str: 12    XL:     6   Next: 37%
Magic:  6/6        EV:  2    Int: 10    God:    Wu Jian [**....]
Gold:   129        SH:  0    Dex: 17    Spells: 5/5 levels left

rFire   + . .        a - +0 falchion
rCold   . . .        d - orb {light}
rNeg    . . .        i - +0 scale mail {rF+}
rPois   .            (no helmet)
rElec   .            (no cloak)
rCorr   .            (no gloves)
SInv    .            j - +0 pair of boots
Will    .....        g - amulet of the acrobat Stlth
                     (no ring)
HPRegen 0.27/turn    (no ring)
MPRegen 0.10/turn

%: acrobat
@: sleeping, sanguine armoured, glowing
A: sanguine armour 1, weakness stinger 1
a: Renounce Religion, Wall Jump


You were on level 4 of the Dungeon.
You worshipped Wu Jian.
Wu Jian was pleased with you.
You visited 1 branch of the dungeon, and saw 4 of its levels.

You collected 129 gold pieces.

Inventory:

Hand Weapons
 a - a +0 falchion (weapon)
 n - a +3 dagger of freezing
Armour
 b - a +0 robe
 d - an orb of light (worn)
 e - a +0 leather armour
 i - a +0 scale mail of fire resistance (worn)
 j - a +0 pair of boots (worn)
Magical Staves
 f - a staff of earth
Jewellery
 g - an amulet of the acrobat (around neck)
 v - an amulet of magic regeneration
 z - an amulet of guardian spirit
Wands
 m - a wand of flame (27)
 A - a wand of iceblast (4)
Scrolls
 h - 5 scrolls of identify {unknown}
 k - 2 scrolls of poison {unknown}
 p - a scroll of torment {unknown}
 r - a scroll of immolation {unknown}
 s - 2 scrolls of blinking {unknown}
 u - 2 scrolls of teleportation {unknown}
 x - a scroll of noise {unknown}
 y - a scroll of enchant armour {unknown}
Potions
 c - a potion of ambrosia
 l - a potion of heal wounds
 o - a potion of magic {unknown}
 q - 2 potions of degeneration {unknown}
 t - 2 potions of invisibility {unknown}
 w - 2 potions of curing {unknown}


   Skills:
 - Level 3.0 Fighting
 + Level 6.6 Long Blades
 - Level 2.6 Dodging


You had 5 spell levels left.
You didn't know any spells.
Your spell library contained the following spells:

 Spells                   Type           Power      Damage    Failure   Level
 Ensorcelled Hibernation  Hex/Ice        0%         N/A       97%         2
 Fugue of the Fallen      Necr           0%         N/A       99%         3
 Stone Arrow              Conj/Erth      0%         3d7       99%         3
 Anguish                  Hex/Necr       0%         N/A       100%        4
 Animate Armour           Summ/Erth      0%         N/A       100%        4
 Olgreb's Toxic Radiance  Alch           0%         N/A       100%        4
 Ozocubu's Refrigeration  Ice            0%         4d7       100%        7
 Discord                  Hex            0%         N/A       100%        8
 Lehudib's Crystal Spear  Conj/Erth      0%         10d2      100%        8


Dungeon Overview and Level Annotations

Branches:
Dungeon (4/15)
 Temple: D:4-7

Altars:
Gozag
Wu Jian


Innate Abilities, Weirdness & Mutations

When seriously injured, your blood forms armour. (AC +6)
You have a small tail.


Message History

You open the door.
There is an open door here.
You open the door. You open the door.
There is an open door here.
A sleepcap comes into view.
Health restored: 47 You lunge at the sleepcap.
You hit the sleepcap but do no damage. The sleepcap releases spores at you.
You are engulfed in a cloud of soporific spores!
You fall asleep.
The sleepcap releases spores at you!!
You wake up.
Your blood congeals into armour.
You take 21 damage, and have 26/47 hp.
MASSIVE DAMAGE!!
You are too injured to fight recklessly!
You are too injured to fight recklessly!
You hit the sleepcap but do no damage.
The sleepcap releases spores at you but does no damage.
You slash the sleepcap! You tail-slap the sleepcap.
The sleepcap is heavily damaged.
The sleepcap releases spores at you.
You take 4 damage, and have 22/47 hp.
You hit the sleepcap.
The sleepcap is severely damaged.
The sleepcap closely misses you.
You completely miss the sleepcap.
The sleepcap is severely damaged.
You hit the sleepcap but do no damage.
The sleepcap is severely damaged.
The sleepcap releases spores at you.
You take 4 damage, and have 19/47 hp.
You hit the sleepcap but do no damage.
The sleepcap is severely damaged.
The sleepcap releases spores at you.
* * * LOW HITPOINT WARNING * * *
You are engulfed in a cloud of soporific spores!
You fall asleep.
The sleepcap barely misses you. The sleepcap releases spores at you!
You die...

#######.#..#
#...@f.../.#
##.####.#.##.. ##.#
...#+##### #..# .#
#..>.....# #.## .##
#........# #.#####..
+........# #.##...##
#........#
#.##...##.##........+
#..'...+.......†....#


You could see a sleepcap.

Vanquished Creatures
  Sigmund (D:2)
  A hound (D:4)
  Jessica (D:2)
  Terence (D:2)
  Natasha (twice) (D:2)
  An adder (D:2)
  2 dart slugs (D:2)
  A ribbon worm (D:2)
  2 orcs (D:3)
  7 endoplasms
  A giant cockroach (D:1)
  5 goblins
  2 hobgoblins
  10 jackals (D:1)
  A quokka (D:1)
  8 ball pythons
  5 bats
  3 frilled lizards
  3 kobolds
  9 rats
66 creatures vanquished.

Notes
Turn   | Place    | Note
-------+----------+-------------------------------------------
     0 | D:1      | Dirtsage the Demonspawn Monk began the quest for the Orb.
     0 | D:1      | Reached XP level 1. HP: 18/18 MP: 1/1
    94 | D:1      | Reached skill level 3 in Long Blades
   107 | D:1      | Gained mutation: When seriously injured, your blood forms
                  | armour. (AC +6) [demonic ancestry]
   107 | D:1      | Reached XP level 2. HP: 7/24 MP: 2/2
   957 | D:1      | Found a faded altar of an unknown god.
  1193 | D:2      | Reached XP level 3. HP: 28/29 MP: 3/3
  1309 | D:2      | Noticed Terence
  1338 | D:2      | Killed Terence
  1339 | D:2      | Reached skill level 4 in Long Blades
  1494 | D:2      | Noticed Jessica
  1501 | D:2      | Killed Jessica
  1502 | D:2      | Reached XP level 4. HP: 35/35 MP: 4/4
  1685 | D:2      | Noticed Sigmund
  1700 | D:2      | Killed Sigmund
  1701 | D:2      | Reached skill level 6 in Long Blades
  1701 | D:2      | Reached XP level 5. HP: 33/41 MP: 5/5
  1928 | D:2      | Noticed Natasha
  1936 | D:2      | Killed Natasha
  1937 | D:2      | Gained mutation: You have a small tail. [demonic ancestry]
  1937 | D:2      | Reached XP level 6. HP: 37/47 MP: 6/6
  2002 | D:2      | Noticed Natasha
  2012 | D:2      | Killed Natasha
  2417 | D:3      | Found an opulent altar of Gozag.
  2425 | D:3      | Found an ornate altar of the Wu Jian Council.
  2429 | D:3      | Became a worshipper of the Wu Jian Council
  2429 | D:3      | Reached * piety under Wu Jian
  2429 | D:3      | Reached ** piety under Wu Jian
  2841 | D:4      | Slain by a sleepcap

Illustrated notes

Levels and vault maps discovered:
D:1:      nicolae_arrival_somewhat_less_tricky_arrival, layout_basic,
          shapermc_ecumenical_altar_flowoftime, st_stairs_13,
          minmay_misc_feat_enclosed
D:2:      minmay_skewed_foursquare, layout_basic, serial_glass, glass_columns_c,
          glass_columns_a, glass_columns_a, glass_columns_a, glass_columns_a,
          glass_columns_a, glass_columns_a, glass_columns_b, uniq_sigmund,
          uniq_jessica, uniq_natasha, uniq_terence
D:3:      layout_basic, mainiacjoe_overflow_big_doors
D:4:      layout_basic, lemuel_crystal_altar, nicolae_stop_n_shop_1

Skill      XL: |  1  2  3  4 |
---------------+-------------+-----
Long Blades    | 3 4 6 |  6.6
Fighting       | |  3.0
Dodging        | |  2.6

Action                     |  1- 3 |  4- 6 || total
---------------------------+-------+-------++-------
  Melee: Falchion          |   116 |    98 ||   214
         Tailslap          |       |     8 ||     8
Ability: Whirlwind         |       |     5 ||     5
         Lunge             |       |     3 ||     3
    Use: Potion            |     1 |       ||     1
 Armour: Robe              |    27 |       ||    27
         Leather armour    |    18 |       ||    18
         Scale mail        |    22 |    63 ||    85
  Dodge: Dodged            |    75 |    68 ||   143

Table legend: (Time is in decaauts)
 A = Elapsed time spent in this place.
 B = Non-inter-level travel time spent in this place.
 C = Inter-level travel time spent in this place.
 D = Time resting spent in this place.
 E = Time spent auto-exploring this place.
 F = Levels seen in this place.
 G = Mean time per level.
                   A        B        C        D        E       F      G
               +--------+--------+--------+--------+--------+-----+--------+
         Total |   2861 |   2722 |    139 |      0 |   2250 |   4 |  715.2 |
       Dungeon |   2861 |   2722 |    139 |      0 |   2250 |   4 |  715.2 |
               +--------+--------+--------+--------+--------+-----+--------+

Top non-repeatable levels by time:
     D:1: 1104 daAuts
     D:2: 1039 daAuts
     D:3: 633 daAuts
     D:4: 84 daAuts
